Workbook

Sheet BALANCE
A1: DIAGNOSTICO, CONSTRUCCION Y/O REHABILITACION Y/O MEJORAMIENTO DE LA MALLA VIAL URBANA DEL MUNICIPIO DE SAN JOSE DE CUCUTA FASE IV. | K1: oficio 1 | L1: cronograma cumple con nuestra capacidad de ejecucion, no modificar
K2: oficio 2 | L2: trasabilidad de actavidades e imprevistos en obra
A3: CONSORCIO FASE IV L1
A4: ITEM DE PAGO | B4: ESPECIFICACIONES | D4: DESCRIPCION | F4: UND. | G4: CANTIDAD | H4: VALOR UNITARIO | I4: VALOR TOTAL
B5: GENERAL | C5: PARTICULAR
D7: ACTIVIDADES DE CONSTRUCCION Y/O REHABILITACION
A8: 1.01 | B8: INV-210-22 | C8: - | D8: Excavación mecánica | F8: m3 | G8: ='1.01'!G28 -> 1373.3685 | H8: 17577 | I8: =ROUND(G8*H8,0) -> 24139698
A9: 1.02 | B9: - | C9: ESP P1 | D9: Corte de pavimento asfaltico | F9: ml | G9: ='1.02'!G51 -> 198.52 | H9: 5033 | I9: =ROUND(G9*H9,0) -> 999151
A10: 1.03 | B10: - | C10: ESP P2 | D10: Demolición de pavimento asfaltico (incluye compresor con martillo demoledor) | F10: m2 | G10: ='1.03'!G28 -> 1317.0176 | H10: 15572 | I10: =ROUND(G10*H10,0) -> 20508598
A11: 1.04 | B11: - | C11: ESP P3 | D11: Conformación de subrasante | F11: m2 | H11: 8433 | I11: =ROUND(G11*H11,0) -> 0
A12: 1.05 | B12: INV-320-22 | C12: - | D12: Subbase granular CONSTRUCCION (incluye Suministro, Extendido, Nivelación y Compactación con Vibrocompactador manual, incluye transporte) | F12: m3 | G12: ='1.05'!G21 -> 333.45 | H12: 147033 | I12: =ROUND(G12*H12,0) -> 49028154
A13: 1.06 | B13: INV-330-22 | C13: - | D13: Base granular CONSTRUCCION (incluye Suministro, Extendido, Nivelación y Compactación con Vibrocompactador manual, incluye transporte) | F13: m3 | G13: ='1.06'!G21 -> 309.075 | H13: 154426 | I13: =ROUND(G13*H13,0) -> 47729216
A14: 1.07 | B14: INV-421-22 | C14: - | D14: Riego de Liga con emulsión asfáltica CRR-1 PARA CONSTRUCCION (Incluye suministro y aplicación) | F14: m2 | G14: ='1.07'!G18 -> 55.42 | H14: 3726 | I14: =ROUND(G14*H14,0) -> 206495
A15: 1.08 | B15: INV-420-22 | C15: - | D15: Riego de imprimación con emulsión asfáltica CRL-1 PARA CONSTRUCCION (Incluye suministro y aplicación) | F15: m2 | G15: ='1.08'!G15 -> 2223 | H15: 4857 | I15: =ROUND(G15*H15,0) -> 10797111
A16: 1.09 | B16: INV-450-22 | C16: - | D16: MEZCLA ASFÁLTICA EN CALIENTE TIPO MDC-19 PARA CONSTRUCCION (Incluye Suministro, extendido, nivelación y compactación, incluye transporte del material) | F16: m3 | G16: ='1.09'!G21 -> 166.725 | H16: 1100212 | I16: =ROUND(G16*H16,0) -> 183432846
A17: 1.1 | B17: INV-350-22 | C17: - | D17: Base estabilizada con cemento al 6% (incluye Suministro, Extendido, Nivelación y Compactación con Vibrocompactador 8 ton, incluye transporte) | F17: m3 | H17: 277973 | I17: =ROUND(G17*H17,0) -> 0
A18: 1.11 | B18: INV-460-22 | C18: - | D18: Fresado de pavimento asfaltico hasta 10 cm (Incluye equipos y todas los elementos para el desarrollo de la actividad , no incluye transporte) | F18: m2 | H18: 13965 | I18: =ROUND(G18*H18,0) -> 0
A19: 1.12 | B19: - | C19: ESP P4 | D19: Demolición de pavimento rígido (mecánica) | F19: m2 | G19: ='1.12'!G21 -> 156 | H19: 22448 | I19: =ROUND(G19*H19,0) -> 3501888
A20: 1.13 | B20: - | C20: ESP P5 | D20: Corte de pavimento rígido y/o losas de concreto | F20: ml | H20: 7131 | I20: =ROUND(G20*H20,0) -> 0
A21: 1.14 | B21: INV-500-22 | C21: - | D21: Concreto Premezclado MR 41 - 4 pulgadas mantenimiento - 28 días CONSTRUCCION (incluye suministro, transporte, instalación de concreto)- (No incluye curado, cordón de espuma de polietileno, sellador de juntas, acero de barras pasajunta, barras de amarre ni acero canastilla) | F21: m3 | H21: 805262 | I21: =ROUND(G21*H21,0) -> 0
A22: 1.15 | B22: INV-500-22 | C22: - | D22: Concreto Premezclado MR 43 - 4 pulgadas mantenimiento - 28 días CONSTRUCCION (incluye suministro, transporte, instalación de concreto)- (No incluye curado, cordón de espuma de polietileno, sellador de juntas, acero de barras pasajunta, barras de amarre ni acero canastilla) | F22: m3 | H22: 832382 | I22: =ROUND(G22*H22,0) -> 0
A23: 1.16 | B23: INV-500-22 | C23: - | D23: Concreto Premezclado MR 45 - 4 pulgadas mantenimiento - 28 días CONSTRUCCION (incluye suministro, transporte, instalación de concreto)- (No incluye curado, cordón de espuma de polietileno, sellador de juntas, acero de barras pasajunta, barras de amarre ni acero canastilla) | F23: m3 | H23: 856741 | I23: =ROUND(G23*H23,0) -> 0
A24: 1.17 | B24: INV-500-22 | C24: - | D24: Acero para dovelas, canastilla y barras de amarre (incluye corte y figurado e instalacion) | F24: kg | H24: 13054 | I24: =ROUND(G24*H24,0) -> 0
A25: 1.18 | B25: INV-500-22 | C25: - | D25: Corte de juntas de dilatacion menor a 8 cm | F25: ml | H25: 6812 | I25: =ROUND(G25*H25,0) -> 0
A26: 1.19 | B26: INV-500-22 | C26: - | D26: Suministro y aplicación de aditivo para curado de concreto | F26: m2 | H26: 5983 | I26: =ROUND(G26*H26,0) -> 0
A27: 1.2 | B27: INV-500-22 | C27: - | D27: Cordón de espuma de polietileno y sellado de juntas de dilatacion | F27: ml | H27: 14214 | I27: =ROUND(G27*H27,0) -> 0 | K27: 1486.68
A28: 1.21 | B28: - | C28: ESP P6 | D28: Retiro de sobrantes a sitio final de disposición (para cargue mecánico) aplica para distancias menores a 15 km | F28: m3 | G28: ='1.21'!G21 -> 1772.3875 | H28: 41259 | I28: =ROUND(G28*H28,0) -> 73126936 | L28: =0.2*8.53*130 -> 221.78
A29: 1.22 | B29: - | C29: ESP P7 | D29: Retiro de sobrantes a sitio final de disposición (para cargue mecánico) aplica para distancias mayores de 15 km | F29: m3.km | H29: 1851 | I29: =ROUND(G29*H29,0) -> 0 | L29: 1647.75
A30: 1.23 | B30: - | C30: ESP P8 | D30: Generación y disposición de sobrantes | F30: m3 | G30: ='1.23'!G21 -> 945.5575 | H30: 18827 | I30: =ROUND(G30*H30,0) -> 17802011 | L30: =H28*L29 -> 67984517
A31: SUBTOTAL | I31: =SUM(I8:I30) -> 431272104
D32: ACTIVIDADES DE MANTENIMIENTO
A33: 2.01 | B33: - | C33: ESP P9 | D33: Excavación manual para BACHEO Y PARCHEO | F33: m3 | H33: 79366 | I33: =+ROUND(G33*H33,0) -> 0
A34: 2.02 | B34: INV-330-22 | C34: - | D34: Base granular BACHEO Y PARCHEO (incluye Suministro, Extendido, Nivelación y Compactación con Vibrocompactador manual, incluye transporte al sitio) | F34: m3 | H34: 149818 | I34: =+ROUND(G34*H34,0) -> 0
A35: 2.03 | B35: INV-421-22 | C35: - | D35: Riego de Liga con emulsión asfáltica CRR-1 PARA BACHEO (Incluye suministro y aplicación) | F35: m2 | G35: ='2.03'!G56 -> 112.088 | H35: 3846 | I35: =+ROUND(G35*H35,0) -> 431090
A36: 2.04 | B36: INV-420-22 | C36: - | D36: Riego de imprimación con emulsión asfáltica CRL-1 PARA BACHEO (Incluye suministro y aplicación) | F36: m2 | G36: ='2.04'!G28 -> 205.5176 | H36: 5045 | I36: =+ROUND(G36*H36,0) -> 1036836
A37: 2.05 | B37: INV-450-22 | C37: - | D37: MEZCLA ASFÁLTICA EN CALIENTE TIPO MDC-19 PARA BACHEO (Incluye Suministro, extendido, nivelación y compactación CON VIBROCOMPACTADOR DE 3 TON, incluye transporte del material) | F37: m3 | G37: ='2.05'!G27 -> 21 | H37: 1340461 | I37: =+ROUND(G37*H37,0) -> 28149681
A38: 2.06 | B38: INV-450-22 | C38: - | D38: PARCHEO TEMPORAL DE EMERGENCIA CON MDC-19 (Incluye Suministro, Extendido, Nivelación, compactación y transporte del material, personal e insumos. Emergencias Menores a 7 M2) | F38: m3 | G38: ='2.06'!G24 -> 8.6046452 | H38: 1508970 | I38: =+ROUND(G38*H38,0) -> 12984151
A39: 2.07 | B39: INV-450-22 | C39: - | D39: MEZCLA ASFÁLTICA EN CALIENTE MDC-19 (solo suministro de mezcla asfáltica no incluye transporte ni instalacion) | F39: m3 | H39: 815580 | I39: =+ROUND(G39*H39,0) -> 0
A40: 2.08 | B40: INV-450-22 | C40: - | D40: Instalación de Mezcla Asfáltica (cuadrilla de 1 oficial x 8 ayudantes) | F40: m3 | H40: 203281 | I40: =+ROUND(G40*H40,0) -> 0
A41: 2.09 | B41: - | C41: ESP P10 | D41: Transporte de Mezcla Asfáltica para BACHEO Y PARCHEO | F41: m3 | H41: 55700 | I41: =+ROUND(G41*H41,0) -> 0
A42: 2.1 | B42: - | C42: ESP P11 | D42: Retiro de sobrantes a sitio final de disposición (incluye cargue manual) | F42: m3 | G42: ='2.10'!G27 -> 27 | H42: 60499 | I42: =+ROUND(G42*H42,0) -> 1633473
A43: 2.11 | B43: - | C43: ESP P12 | D43: Limpieza de sumideros | F43: und | G43: ='2.11'!G21 -> 2 | H43: 105821 | I43: =+ROUND(G43*H43,0) -> 211642
A44: 2.12 | B44: - | C44: ESP P13 | D44: Remoción de derrumbes con retrocargador | F44: m3 | H44: 29625 | I44: =+ROUND(G44*H44,0) -> 0
A45: 2.13 | B45: INV-460-22 | C45: - | D45: Fresado de pavimento asfaltico hasta 10 cm (Incluye equipos y todas los elementos para el desarrollo de la actividad) (No incluye transporte) | F45: m2 | H45: 13965 | I45: =+ROUND(G45*H45,0) -> 0
A46: 2.14 | B46: - | C46: ESP P6 | D46: Retiro de sobrantes a sitio final de disposición (para cargue mecánico) aplica para distancias menores a 15 km | F46: m3 | H46: 41259 | I46: =+ROUND(G46*H46,0) -> 0
A47: 2.15 | B47: - | C47: ESP P7 | D47: Retiro de sobrantes a sitio final de disposición (para cargue mecánico) aplica para distancias mayores de 15 km | F47: m3.km | H47: 1851 | I47: =+ROUND(G47*H47,0) -> 0
A48: 2.16 | B48: INV-510-22 | C48: - | D48: Suministro e instalacion de Adoquin vehicular de 8x10x20 para pavimento articulado ( incluye suministro e instalacion de cama de arena fina h= 5cm, y de sello) | F48: m2 | H48: 197694 | I48: =+ROUND(G48*H48,0) -> 0
A49: 2.17 | B49: INV-510-22 | C49: - | D49: Suministro e instalacion de Adoquin hexagonal vehicular de 8x20x20 para pavimento articulado ( incluye suministro e instalacion de cama de arena fina h= 5cm, y de sello) | F49: m2 | H49: 180158 | I49: =+ROUND(G49*H49,0) -> 0
A50: 2.18 | B50: INV-500-22 | D50: Concreto Premezclado MR 41 - 4 pulgadas mantenimiento - 28 días para mantenimiento (incluye suministro, transporte, instalación de concreto)- (No incluye curado, cordón de espuma de polietileno, sellador de juntas, acero de barras pasajunta, barras de amarre ni acero canastilla) | F50: m3 | H50: 922717 | I50: =+ROUND(G50*H50,0) -> 0
A51: 2.19 | B51: INV-500-22 | D51: Acero para dovelas, canastilla y barras de amarre (incluye corte y figurado e instalacion) | F51: kg | H51: 13054 | I51: =+ROUND(G51*H51,0) -> 0
A52: 2.2 | B52: INV-500-22 | D52: Corte de juntas de dilatacion menor a 8 cm | F52: ml | H52: 6812 | I52: =+ROUND(G52*H52,0) -> 0
A53: 2.21 | B53: INV-500-22 | D53: Suministro y aplicación de aditivo para curado de concreto | F53: m2 | H53: 5983 | I53: =+ROUND(G53*H53,0) -> 0
A54: 2.22 | B54: INV-500-22 | D54: Cordón de espuma de polietileno y sellado de juntas de dilatacion | F54: ml | H54: 13965 | I54: =+ROUND(G54*H54,0) -> 0
A55: 2.23 | B55: - | C55: ESP P8 | D55: Generación y disposición de sobrantes | F55: m3 | G55: ='2.23'!G27 -> 27 | H55: 18827 | I55: =+ROUND(G55*H55,0) -> 508329
A56: SUBTOTAL | I56: =SUM(I33:I55) -> 44955202
D57: OBRAS COMPLEMENTARIAS | I57: =+G57*H57 -> 0
A58: 3.01 | C58: ESP P14 | D58: Anden de concreto de 3000 psi h=10 cm (incluye malla electrosoldada de 5mm) | F58: m2 | H58: 113192 | I58: =+ROUND(G58*H58,0) -> 0
A59: 3.02 | B59: INV-330-22 | C59: - | D59: Base granular para ANDENES (incluye Suministro, Extendido, Nivelación y Compactación con Vibrocompactador manual, incluye transporte) | F59: m3 | H59: 153547 | I59: =+ROUND(G59*H59,0) -> 0
A60: 3.03 | B60: INV-672-22 | C60: - | D60: Bordillo hecho en sitio de h=40cm a=15 cm, (concreto de 3000 psi, incluye acero) | F60: ml | H60: 79107 | I60: =+ROUND(G60*H60,0) -> 0
A61: 3.04 | B61: INV-672-22 | C61: - | D61: Bordillo prefabricado concreto de 3000 PSI h=45cm, a=15 cm | F61: ml | H61: 74831 | I61: =+ROUND(G61*H61,0) -> 0
A62: 3.05 | B62: - | C62: ESP P15 | D62: Suministro e instalación de loseta alerta/guía e=6cm 6x20x20 | F62: m2 | H62: 198946 | I62: =+ROUND(G62*H62,0) -> 0
A63: 3.06 | B63: - | C63: ESP P16 | D63: Suministro e instalación de loseta guía/alerta 6x20x20 | F63: ml | H63: 48426 | I63: =+ROUND(G63*H63,0) -> 0
A64: 3.07 | B64: - | C64: ESP P17 | D64: Realce de Pozos en concreto de 3000 psi (incluye demolición de concreto y refuerzo) | F64: und | G64: ='3.07'!G17 -> 4 | H64: 356757 | I64: =+ROUND(G64*H64,0) -> 1427028
A65: 3.08 | B65: - | C65: ESP P18 | D65: Geotextil NT3000 | F65: m2 | H65: 22330 | I65: =+ROUND(G65*H65,0) -> 0
A66: 3.09 | C66: ESP P19 | D66: Excavacion manual en material comun en zona | F66: m3 | H66: 55696 | I66: =+ROUND(G66*H66,0) -> 0
A67: 3.1 | C67: ESP P20 | D67: Excavación a maquina material comun de la zona saturado y contaminado | F67: m3 | H67: 19964 | I67: =+ROUND(G67*H67,0) -> 0
A68: 3.11 | C68: ESP P21 | D68: Relleno compactado en material comun de la zona | F68: m3 | H68: 44635 | I68: =+ROUND(G68*H68,0) -> 0
A69: 3.12 | C69: ESP P22 | D69: Relleno compactado material de prestamo grava de rio | F69: m3 | H69: 131647 | I69: =+ROUND(G69*H69,0) -> 0
A70: 3.13 | C70: ESP P23 | D70: Pedraplen compacto | F70: m3 | G70: ='3.13'!G17 -> 355.68 | H70: 133544 | I70: =+ROUND(G70*H70,0) -> 47498930
A71: 3.14 | C71: ESP P24 | D71: Suministro e Instalación de Sub-base compactada en capas de 10 CM | F71: m3 | H71: 101176 | I71: =+ROUND(G71*H71,0) -> 0
A72: 3.15 | C72: ESP P25 | D72: Concreto de Saneamiento de 14 Mpa. | F72: m3 | G72: ='3.15'!G17 -> 7.8 | H72: 657741 | I72: =+ROUND(G72*H72,0) -> 5130380
A73: 3.16 | C73: ESP P26 | D73: Concreto acelerado de 28 Mpa para losas de piso | F73: m3 | H73: 924003 | I73: =+ROUND(G73*H73,0) -> 0
A74: 3.17 | C74: ESP P27 | D74: Concreto acelerado de 28 Mpa para losas-muros laterales | F74: m3 | H74: 1002320 | I74: =+ROUND(G74*H74,0) -> 0
A75: 3.18 | C75: ESP P28 | D75: Entibado vertical zanja excavación | F75: m2 | G75: ='3.18'!G17 -> 166.4 | H75: 52448 | I75: =+ROUND(G75*H75,0) -> 8727347
A76: 3.19 | C76: ESP P29 | D76: Concreto acelerado de 21 Mpa para losas-muros laterales | F76: m3 | H76: 962966 | I76: =+ROUND(G76*H76,0) -> 0
A77: 3.2 | C77: ESP P30 | D77: Suministro e Instalación de Concreto Ciclópeo (CON CONCRETO 28 Mpa acelerado A7) para cimentación de pisos y muros de contención canal - otros | F77: m3 | H77: 772113 | I77: =+ROUND(G77*H77,0) -> 0
A78: 3.21 | C78: ESP P31 | D78: Suministro e Instalación de Concreto Ciclópeo (CON CONCRETO 21 Mpa acelerado A7) para cimentación de pisos y muros de contención canal - otros | F78: m3 | H78: 748501 | I78: =+ROUND(G78*H78,0) -> 0
A79: 3.22 | C79: ESP P32 | D79: Suministro e instalacion de Geomembrana HDPE | F79: m2 | H79: 34469 | I79: =+ROUND(G79*H79,0) -> 0
A80: SUBTOTAL | I80: =SUM(I58:I79) -> 62783685
D81: DEMARCACION | I81: =+G81*H81 -> 0
A82: 4.01 | B82: INV-700-22 | C82: - | D82: Demarcación horizontal lineal ancho 12 cm, pintura acrílica (incluye suministro, aplicación manual) | F82: ml | G82: ='4.01'!G17 -> 390 | H82: 3367 | I82: =+ROUND(G82*H82,0) -> 1313130
A83: 4.02 | B83: INV-700-22 | C83: - | D83: Demarcación horizontal marcas viales (cebras, flechas, símbolos, letras) pintura acrílica (incluye suministro, aplicación manual) | F83: m2 | G83: ='4.02'!G17 -> 25.65 | H83: 46931 | I83: =+ROUND(G83*H83,0) -> 1203780
A84: SUBTOTAL | I84: =SUM(I82:I83) -> 2516910
A85: NP | D85: ITEMS NO PREVISTOS
A86: NP.01 | D86: Construcción de filtro | F86: ml | G86: =NP.01!G17 -> 130 | H86: 122906 | I86: =+ROUND(G86*H86,0) -> 15977780
A87: Np.02 | D87: Geomalla para entre capaz asfálticas | F87: m2 | G87: =NP.02!G17 -> 1111.5 | H87: 27914 | I87: =+ROUND(G87*H87,0) -> 31026411
A88: NP.03 | D88: Recalce de sumideros en concreto de 3000PSI (incluye demolicion de concreto y refuerzo) | F88: und | G88: =NP.03!G17 -> 2 | H88: 421526 | I88: =+ROUND(G88*H88,0) -> 843052
A89: NP.04 | D89: Construccion de cuneta | F89: ml | G89: =NP.04!G17 -> 130 | H89: 149918.83 | I89: =+ROUND(G89*H89,0) -> 19489448
A90: NP.05 | D90: Suministro e instalación de tuberia novafort 12" | F90: ml | G90: =NP.05!G17 -> 10 | H90: 150736.22 | I90: =+ROUND(G90*H90,0) -> 1507362
A91: NP.06 | D91: Subrasante estabilizada (incluye transporte) | F91: m3 | G91: ='NP. 06'!G17 -> 371.925 | H91: 66767 | I91: =+ROUND(G91*H91,0) -> 24832316
A92: NP.07 | D92: Geotextil T3000 | F92: m2 | G92: 1111.5 | H92: 25662 | I92: =G92*H92 -> 28523313
A93: SUBTOTAL | I93: =SUM(I86:I92) -> 122199682
D94: COMPONENTES | I94: =+G94*H94 -> 0
A95: 5.01 | B95: - | C95: Anexo | D95: Componente SST | F95: glb | G95: 1 | H95: 10146494 | I95: =+ROUND(G95*H95,0) -> 10146494
A96: 5.02 | B96: - | C96: Anexo | D96: Componente Ambiental | F96: glb | G96: 1 | H96: 8916851 | I96: =+ROUND(G96*H96,0) -> 8916851
A97: 5.03 | B97: - | C97: Anexo | D97: Componente Social | F97: glb | G97: 1 | H97: 2106613 | I97: =+ROUND(G97*H97,0) -> 2106613
A98: 5.04 | B98: - | C98: Anexo | D98: Componente Sig | F98: glb | G98: 1 | H98: 1904283 | I98: =+ROUND(G98*H98,0) -> 1904283
A99: 5.05 | B99: - | C99: Anexo | D99: Plan de manejo de transito | F99: glb | G99: 1 | H99: 10473555 | I99: =+ROUND(G99*H99,0) -> 10473555
A100: SUBTOTAL | I100: =SUM(I95:I99) -> 33547796
D101: DIAGNOSTICO
...

Sheet 1.01
B3: OBJETO DEL CONTRATO | C3: DIAGNOSTICO, CONSTRUCCION Y/O REHABILITACION Y/O MEJORAMIENTO DE LA MALLA VIAL URBANA DEL MUNICIPIO DE SAN JOSE DE CUCUTA FASE IV.
B4: INTERVENTOR | C4: SOCIEDAD CONSORCIO PROESCO S.A.S | E4: CONTRATO No. | F4: 3888 de 2023
B5: CONTRATISTA | C5: CONSORCIO FASE IV L1 | E5: CONTRATO No. | F5: 4230 De 2023
B6: MEMORIA DE CANTIDADES
B7: DESCRIPCION | D7: Excavación mecánica
B8: ITEM | C8: 1.01 | E8: UNIDAD | F8: m3
B9: Dimensiones | F9: Cant | G9: subtotal
B10: Descripción | C10: Long | D10: Alt | E10: Ancho
B11: Vía | C11: 130 | D11: 1.15 | E11: 8.55 | F11: 1 | G11: =C11*D11*E11*F11 -> 1278.225
B12: Cuneta | C12: 130 | D12: 0.15 | E12: 1.2 | F12: 1 | G12: =C12*D12*E12*F12 -> 23.4
B13: filtro | C13: 130 | D13: 0.95 | E13: 0.5 | F13: 1 | G13: =C13*D13*E13*F13 -> 61.75
B14: EXCAVACION PARA BACHEO
B15: Caja 1 Guaimaral | C15: 5.3 | D15: 0.1 | E15: 2.75 | F15: 1 | G15: =+C15*D15*E15*F15 -> 1.4575
B16: Caja 1 Guaimaral | C16: 1.5 | D16: 0.1 | E16: 2.3 | F16: 1 | G16: =+C16*D16*E16*F16 -> 0.345
B17: Caja 2 Guaimaral | C17: 9.5 | D17: 0.1 | E17: 4.5 | F17: 1 | G17: =+C17*D17*E17*F17 -> 4.275
B18: Caja 3 Guaimaral | C18: 3.5 | D18: 0.1 | E18: 2.5 | F18: 1 | G18: =+C18*D18*E18*F18 -> 0.875
B19: Caja 4 Guaimaral | C19: 2.3 | D19: 0.1 | E19: 3 | F19: 1 | G19: =+C19*D19*E19*F19 -> 0.69
B20: Caja 5 Guaimaral | C20: 2.5 | D20: 0.1 | E20: 2.5 | F20: 1 | G20: =+C20*D20*E20*F20 -> 0.625
B21: Caja 1 Zona Industrial | C21: 1.6 | D21: 0.1 | E21: 2.55 | F21: 1 | G21: =+C21*D21*E21*F21 -> 0.408
B22: Caja 1 Zona Industrial | C22: 3.3 | D22: 0.1 | E22: 2.6 | F22: 1 | G22: =+C22*D22*E22*F22 -> 0.858
B23: Caja 2 Zona Industrial | C23: 2.3 | D23: 0.1 | E23: 2 | F23: 1 | G23: =+C23*D23*E23*F23 -> 0.46
B28: Total | G28: =SUM(G11:G27) -> 1373.3685
C32: ___________________________________________________________________
C33: Juan Diego Gutiérrez Barrera
C34: C.C 1.093.294.057
C35: Representante Legal Consorcio Fase IV L1

Sheet 1.02
B4: OBJETO DEL CONTRATO | C4: DIAGNOSTICO, CONSTRUCCION Y/O REHABILITACION Y/O MEJORAMIENTO DE LA MALLA VIAL URBANA DEL MUNICIPIO DE SAN JOSE DE CUCUTA FASE IV.
B5: INTERVENTOR | C5: SOCIEDAD CONSORCIO PROESCO S.A.S | E5: CONTRATO No. | F5: 3888 de 2023
B6: CONTRATISTA | C6: CONSORCIO FASE IV L1 | E6: CONTRATO No. | F6: 4230 De 2023
B7: MEMORIA DE CANTIDADES
B8: DESCRIPCION | D8: Corte de pavimento asfaltico
B9: ITEM | C9: 1.02 | E9: UNIDAD | F9: ml
B10: Dimensiones | F10: Cant | G10: subtotal
B11: Descripción | C11: Long | D11: Alt | E11: Ancho
B12: Corte inicial Panamericana | C12: 8.1 | F12: 1 | G12: =C12*F12 -> 8.1
B13: Corte final Panamericana | C13: 7.8 | F13: 1 | G13: =C13*F13 -> 7.8
B14: Corte intersección Panamericana | C14: 20 | F14: 1 | G14: =C14*F14 -> 20
B15: Corte caja 1 Guaimaral | C15: 6.95 | F15: 1 | G15: =C15*F15 -> 6.95
B16: Corte caja 1 Guaimaral | C16: 2.3 | F16: 1 | G16: =C16*F16 -> 2.3
B17: Corte caja 1 Guaimaral | C17: 1.5 | F17: 1 | G17: =C17*F17 -> 1.5
B18: Corte caja 1 Guaimaral | C18: 2.3 | F18: 1 | G18: =C18*F18 -> 2.3
B19: Corte caja 1 Guaimaral | C19: 1.25 | F19: 1 | G19: =C19*F19 -> 1.25
B20: Corte caja 1 Guaimaral | C20: 5.3 | F20: 1 | G20: =C20*F20 -> 5.3
B21: Corte caja 2 Guaimaral | C21: 9.5 | F21: 2 | G21: =C21*F21 -> 19
B22: Corte caja 2 Guaimaral | C22: 4.5 | F22: 2 | G22: =C22*F22 -> 9
B23: Corte caja 3 Guaimaral | C23: 3.5 | F23: 2 | G23: =C23*F23 -> 7
... B50: Prados Norte | C50: 6.52 | F50: 1 | G50: =C50*F50 -> 6.52
B51: Total | G51: =SUM(G12:G50) -> 198.52
C55: ___________________________________________________________________
C56: Juan Diego Gutiérrez Barrera
C57: C.C 1.093.294.057
C58: Representante Legal Consorcio Fase IV L1

Sheet 1.03
B2: OBJETO DEL CONTRATO | C2: DIAGNOSTICO, CONSTRUCCION Y/O REHABILITACION Y/O MEJORAMIENTO DE LA MALLA VIAL URBANA DEL MUNICIPIO DE SAN JOSE DE CUCUTA FASE IV.
B3: INTERVENTOR | C3: SOCIEDAD CONSORCIO PROESCO S.A.S | E3: CONTRATO No. | F3: 3888 de 2023
B4: CONTRATISTA | C4: CONSORCIO FASE IV L1 | E4: CONTRATO No. | F4: 4230 De 2023
B5: MEMORIA DE CANTIDADES
B6: DESCRIPCION | D6: Demolición de pavimento asfaltico (incluye compresor con martillo demoledor)
B7: ITEM | C7: 1.03 | E7: UNIDAD | F7: m2
B8: Dimensiones | F8: Cant | G8: subtotal
B9: Descripción | C9: Long | D9: Alt | E9: Ancho
B10: Vía Panamericana | C10: 130 | E10: 8.55 | F10: 1 | G10: =C10*E10*F10 -> 1111.5
B11: Caja 1 Guaimaral | C11: 5.3 | E11: 2.75 | F11: 1 | G11: =C11*E11*F11 -> 14.575
B12: Caja 1 Guaimaral | C12: 1.5 | E12: 2.3 | F12: 1 | G12: =C12*E12*F12 -> 3.45
B13: Caja 2 Guaimaral | C13: 9.5 | E13: 4.5 | F13: 1 | G13: =C13*E13*F13 -> 42.75
B14: Caja 3 Guaimaral | C14: 3.5 | E14: 2.5 | F14: 1 | G14: =C14*E14*F14 -> 8.75
B15: Caja 4 Guaimaral | C15: 2.3 | E15: 3 | F15: 1 | G15: =C15*E15*F15 -> 6.9
B16: Caja 5 Guaimaral | C16: 2.5 | E16: 2.5 | F16: 1 | G16: =C16*E16*F16 -> 6.25
B17: Caja 1 Zona Industrial | C17: 1.6 | E17: 2.55 | F17: 1 | G17: =C17*E17*F17 -> 4.08
B18: Caja 1 Zona Industrial | C18: 3.3 | E18: 2.6 | F18: 1 | G18: =C18*E18*F18 -> 8.58
B19: Caja 2 Zona Industrial | C19: 2.3 | E19: 2 | F19: 1 | G19: =C19*E19*F19 -> 4.6
B20: Prados Norte | C20: 2.4 | E20: 2.4 | F20: 1 | G20: =C20*E20*F20 -> 5.76
B21: Prados Norte | C21: 3.53 | E21: 7 | F21: 1 | G21: =C21*E21*F21 -> 24.71
B22: Prados Norte | C22: 3.1 | E22: 5.03 | F22: 1 | G22: =C22*E22*F22 -> 15.593
B23: Prados Norte | C23: 1.74 | E23: =7.8+3.64 -> 11.44 | F23: 1 | G23: =C23*E23*F23 -> 19.9056
B24: Prados Norte | C24: 2.1 | E24: 2.7 | F24: 1 | G24: =C24*E24*F24 -> 5.67
B25: Prados Norte | C25: 2.2 | E25: 1.4 | F25: 1 | G25: =C25*E25*F25 -> 3.08
B26: Prados Norte | C26: 2.5 | E26: 4 | F26: 1 | G26: =C26*E26*F26 -> 10
B27: Prados Norte | C27: 3.2 | E27: 6.52 | F27: 1 | G27: =C27*E27*F27 -> 20.864
B28: Total | G28: =SUM(G10:G27) -> 1317.0176
C32: ___________________________________________________________________
C33: Juan Diego Gutiérrez Barrera
C34: C.C 1.093.294.057
C35: Representante Legal Consorcio Fase IV L1

Sheet 1.05
B2: OBJETO DEL CONTRATO | C2: DIAGNOSTICO, CONSTRUCCION Y/O REHABILITACION Y/O MEJORAMIENTO DE LA MALLA VIAL URBANA DEL MUNICIPIO DE SAN JOSE DE CUCUTA FASE IV.
B3: INTERVENTOR | C3: SOCIEDAD CONSORCIO PROESCO S.A.S | E3: CONTRATO No. | F3: 3888 de 2023
B4: CONTRATISTA | C4: CONSORCIO FASE IV L1 | E4: CONTRATO No. | F4: 4230 De 2023
B5: MEMORIA DE CANTIDADES
B6: DESCRIPCION | D6: Subbase granular CONSTRUCCION (incluye Suministro, Extendido, Nivelación y Compactación con Vibrocompactador manual, incluye transporte)
B7: ITEM | C7: 1.05 | E7: UNIDAD | F7: m3
B8: Dimensiones | F8: Cant | G8: subtotal
B9: Descripción | C9: Long | D9: Alt | E9: Ancho
B10: Vía Panamericana | C10: 130 | D10: 0.3 | E10: 8.55 | F10: 1 | G10: =C10*D10*E10*F10 -> 333.45
G11: =C11*F11 -> 0
G12: =C12*F12 -> 0
G13: =C13*F13 -> 0
G14: =C14*F14 -> 0
G15: =C15*F15 -> 0
G16: =C16*F16 -> 0
G17: =C17*F17 -> 0
G18: =C18*F18 -> 0
G19: =C19*F19 -> 0
G20: =C20*F20 -> 0
B21: Total | G21: =SUM(G10:G20) -> 333.45
C25: ___________________________________________________________________
C26: Juan Diego Gutiérrez Barrera
C27: C.C 1.093.294.057
C28: Representante Legal Consorcio Fase IV L1

Sheet 1.06
B2: OBJETO DEL CONTRATO | C2: DIAGNOSTICO, CONSTRUCCION Y/O REHABILITACION Y/O MEJORAMIENTO DE LA MALLA VIAL URBANA DEL MUNICIPIO DE SAN JOSE DE CUCUTA FASE IV.
B3: INTERVENTOR | C3: SOCIEDAD CONSORCIO PROESCO S.A.S | E3: CONTRATO No. | F3: 3888 de 2023
B4: CONTRATISTA | C4: CONSORCIO FASE IV L1 | E4: CONTRATO No. | F4: 4230 De 2023
B5: MEMORIA DE CANTIDADES
B6: DESCRIPCION | D6: Base granular CONSTRUCCION (incluye Suministro, Extendido, Nivelación y Compactación con Vibrocompactador manual, incluye transporte)
B7: ITEM | C7: 1.06 | E7: UNIDAD | F7: m3
B8: Dimensiones | F8: Cant | G8: subtotal
B9: Descripción | C9: Long | D9: Alt | E9: Ancho
B10: Vía Panamericana | C10: 130 | D10: 0.25 | E10: 8.55 | F10: 1 | G10: =C10*D10*E10*F10 -> 277.875
B11: Cuneta Panamericana | C11: 130 | D11: 0.2 | E11: 1.2 | F11: 1 | G11: =C11*D11*E11*F11 -> 31.2
G12: =C12*F12 -> 0
G13: =C13*F13 -> 0
G14: =C14*F14 -> 0
G15: =C15*F15 -> 0
G16: =C16*F16 -> 0
G17: =C17*F17 -> 0
G18: =C18*F18 -> 0
G19: =C19*F19 -> 0
G20: =C20*F20 -> 0
B21: Total | G21: =SUM(G10:G20) -> 309.075
C25: ___________________________________________________________________
C26: Juan Diego Gutiérrez Barrera
C27: C.C 1.093.294.057
C28: Representante Legal Consorcio Fase IV L1

Sheet 1.07
B2: OBJETO DEL CONTRATO | C2: DIAGNOSTICO, CONSTRUCCION Y/O REHABILITACION Y/O MEJORAMIENTO DE LA MALLA VIAL URBANA DEL MUNICIPIO DE SAN JOSE DE CUCUTA FASE IV.
B3: INTERVENTOR | C3: SOCIEDAD CONSORCIO PROESCO S.A.S | E3: CONTRATO No. | F3: 3888 de 2023
B4: CONTRATISTA | C4: CONSORCIO FASE IV L1 | E4: CONTRATO No. | F4: 4230 De 2023
B5: MEMORIA DE CANTIDADES
B6: DESCRIPCION | D6: Riego de Liga con emulsión asfáltica CRR-1 PARA CONSTRUCCION (Incluye suministro y aplicación)
B7: ITEM | C7: 1.07 | E7: UNIDAD | F7: m2
B8: Dimensiones | F8: Cant | G8: subtotal
B9: Descripción | C9: Long | D9: Alt | E9: Ancho
B10: Vía Panamericana Izq | C10: 130 | E10: 0.2 | F10: 2 | G10: =C10*E10*F10 -> 52
B11: Vía Panamericana Der | C11: 8.55 | E11: 0.2 | F11: 2 | G11: =C11*E11*F11 -> 3.42
G12: =C12*E12 -> 0
G13: =C13*F13 -> 0
G14: =C14*F14 -> 0
G15: =C15*F15 -> 0
G16: =C16*F16 -> 0
G17: =C17*F17 -> 0
B18: Total | G18: =SUM(G10:G17) -> 55.42
C22: ___________________________________________________________________
C23: Juan Diego Gutiérrez Barrera
C24: C.C 1.093.294.057
C25: Representante Legal Consorcio Fase IV L1

Sheet 1.08
B2: OBJETO DEL CONTRATO | C2: DIAGNOSTICO, CONSTRUCCION Y/O REHABILITACION Y/O MEJORAMIENTO DE LA MALLA VIAL URBANA DEL MUNICIPIO DE SAN JOSE DE CUCUTA FASE IV.
B3: INTERVENTOR | C3: SOCIEDAD CONSORCIO PROESCO S.A.S | E3: CONTRATO No. | F3: 3888 de 2023
B4: CONTRATISTA | C4: CONSORCIO FASE IV L1 | E4: CONTRATO No. | F4: 4230 De 2023
B5: MEMORIA DE CANTIDADES
B6: DESCRIPCION | D6: Riego de imprimación con emulsión asfáltica CRL-1 PARA CONSTRUCCION (Incluye suministro y aplicación)
B7: ITEM | C7: 1.08 | E7: UNIDAD | F7: m2
B8: Dimensiones | F8: Cant | G8: subtotal
B9: Descripción | C9: Long | D9: Alt | E9: Ancho
B10: Vía Panamericana superficie base | C10: 130 | E10: 8.55 | F10: 1 | G10: =C10*E10*F10 -> 1111.5
B11: Vía Panamericana sobre primera carpeta | C11: 130 | E11: 8.55 | F11: 1 | G11: =C11*E11*F11 -> 1111.5
G12: =C12*F12 -> 0
G13: =C13*F13 -> 0
G14: =C14*F14 -> 0
B15: Total | G15: =SUM(G10:G14) -> 2223
C20: ___________________________________________________________________
C21: Juan Diego Gutiérrez Barrera
C22: C.C 1.093.294.057
C23: Representante Legal Consorcio Fase IV L1

Sheet 1.09
B2: OBJETO DEL CONTRATO | C2: DIAGNOSTICO, CONSTRUCCION Y/O REHABILITACION Y/O MEJORAMIENTO DE LA MALLA VIAL URBANA DEL MUNICIPIO DE SAN JOSE DE CUCUTA FASE IV.
B3: INTERVENTOR | C3: SOCIEDAD CONSORCIO PROESCO S.A.S | E3: CONTRATO No. | F3: 3888 de 2023
B4: CONTRATISTA | C4: CONSORCIO FASE IV L1 | E4: CONTRATO No. | F4: 4230 De 2023
B5: MEMORIA DE CANTIDADES
B6: DESCRIPCION | D6: MEZCLA ASFÁLTICA EN CALIENTE TIPO MDC-19 PARA CONSTRUCCION (Incluye Suministro, extendido, nivelación y compactación, incluye transporte del material)
B7: ITEM | C7: ITEM | D7: 1.09 | E7: UNIDAD | F7: m3
B8: Dimensiones | F8: Cant | G8: subtotal
B9: Descripción | C9: Long | D9: Alt | E9: Ancho
B10: Vía Panamericana | C10: 130 | D10: 0.15 | E10: 8.55 | F10: 1 | G10: =C10*D10*E10*F10 -> 166.725
G11: =C11*E11*F11 -> 0
G12: =C12*E12*F12 -> 0
G13: =C13*E13*F13 -> 0
G14: =C14*E14*F14 -> 0
G15: =C15*F15 -> 0
G16: =C16*F16 -> 0
G17: =C17*F17 -> 0
G18: =C18*F18 -> 0
G19: =C19*F19 -> 0
G20: =C20*F20 -> 0
B21: Total | G21: =SUM(G10:G20) -> 166.725
C25: ___________________________________________________________________
C26: Juan Diego Gutiérrez Barrera
C27: C.C 1.093.294.057
C28: Representante Legal Consorcio Fase IV L1

Sheet 1.12
B2: OBJETO DEL CONTRATO | C2: DIAGNOSTICO, CONSTRUCCION Y/O REHABILITACION Y/O MEJORAMIENTO DE LA MALLA VIAL URBANA DEL MUNICIPIO DE SAN JOSE DE CUCUTA FASE IV.
B3: INTERVENTOR | C3: SOCIEDAD CONSORCIO PROESCO S.A.S | E3: CONTRATO No. | F3: 3888 de 2023
B4: CONTRATISTA | C4: CONSORCIO FASE IV L1 | E4: CONTRATO No. | F4: 4230 De 2023
B5: MEMORIA DE CANTIDADES
B6: DESCRIPCION | D6: Demolición de pavimento rígido (mecánica)
B7: ITEM | C7: 1.12 | E7: UNIDAD | F7: m2
B8: Dimensiones | F8: Cant | G8: subtotal
B9: Descripción | C9: Long | D9: Alt | E9: Ancho
B10: Cuneta vía Panamericana | C10: 130 | E10: 1.2 | F10: 1 | G10: =C10*E10*F10 -> 156
G11: =C11*E11*F11 -> 0
G12: =C12*E12*F12 -> 0
G13: =C13*E13*F13 -> 0
G14: =C14*E14*F14 -> 0
G15: =C15*F15 -> 0
G16: =C16*F16 -> 0
G17: =C17*F17 -> 0
G18: =C18*F18 -> 0
G19: =C19*F19 -> 0
G20: =C20*F20 -> 0
B21: Total | G21: =SUM(G10:G20) -> 156
C26: ___________________________________________________________________
C27: Juan Diego Gutiérrez Barrera
C28: C.C 1.093.294.057
C29: Representante Legal Consorcio Fase IV L1

Sheet 1.21
B2: OBJETO DEL CONTRATO | C2: DIAGNOSTICO, CONSTRUCCION Y/O REHABILITACION Y/O MEJORAMIENTO DE LA MALLA VIAL URBANA DEL MUNICIPIO DE SAN JOSE DE CUCUTA FASE IV.
B3: INTERVENTOR | C3: SOCIEDAD CONSORCIO PROESCO S.A.S | E3: CONTRATO No. | F3: 3888 de 2023
B4: CONTRATISTA | C4: CONSORCIO FASE IV L1 | E4: CONTRATO No. | F4: 4230 De 2023
B5: MEMORIA DE CANTIDADES
B6: DESCRIPCION | D6: Retiro de sobrantes a sitio final de disposición (para cargue mecánico) aplica para distancias menores a 15 km
B7: ITEM | C7: ITEM | D7: 1.21 | E7: UNIDAD | F7: m3
B8: Dimensiones | F8: Cant | G8: subtotal
B9: Descripción | C9: Long | D9: Alt | E9: Ancho
B10: Vía | C10: 130 | D10: 1.15 | E10: 8.55 | F10: 1.3 | G10: =C10*D10*E10*F10 -> 1661.6925
B11: Cuneta | C11: 130 | D11: 0.15 | E11: 1.2 | F11: 1.3 | G11: =C11*D11*E11*F11 -> 30.42
B12: filtro | C12: 130 | D12: 0.95 | E12: 0.5 | F12: 1.3 | G12: =C12*D12*E12*F12 -> 80.275
B21: Total | G21: =SUM(G10:G20) -> 1772.3875
C25: ___________________________________________________________________
C26: Juan Diego Gutiérrez Barrera
C27: C.C 1.093.294.057
C28: Representante Legal Consorcio Fase IV L1

Sheet 1.23
B2: OBJETO DEL CONTRATO | C2: DIAGNOSTICO, CONSTRUCCION Y/O REHABILITACION Y/O MEJORAMIENTO DE LA MALLA VIAL URBANA DEL MUNICIPIO DE SAN JOSE DE CUCUTA FASE IV.
B3: INTERVENTOR | C3: SOCIEDAD CONSORCIO PROESCO S.A.S | E3: CONTRATO No. | F3: 3888 de 2023
B4: CONTRATISTA | C4: CONSORCIO FASE IV L1 | E4: CONTRATO No. | F4: 4230 De 2023
B5: MEMORIA DE CANTIDADES
B6: DESCRIPCION | D6: Generación y disposición de sobrantes
B7: ITEM | C7: ITEM | D7: 1.23 | E7: UNIDAD | F7: m3
B8: Dimensiones | F8: Cant | G8: subtotal
B9: Descripción | C9: Long | D9: Alt | E9: Ancho
B10: Vía Panamericana | C10: 80 | D10: 1 | E10: 8.55 | F10: 1.3 | G10: =C10*D10*E10*F10 -> 889.2
B11: Vía Panamericana | C11: 50 | D11: 0.7 | E11: 8.55 | F11: 1.3 | G11: =C11*D11*E11*F11 -> 389.025
B12: Asfalto vía Panamericana | C12: 130 | D12: 0.15 | E12: 8.55 | F12: 1.3 | G12: =C12*D12*E12*F12 -> 216.7425
B13: Cuneta vía Panamericana | C13: 130 | D13: 0.15 | E13: 1.2 | F13: 1.3 | G13: =C13*D13*E13*F13 -> 30.42
B14: Excavación filtro Panamericana | C14: 130 | D14: 0.95 | E14: 0.5 | F14: 1.3 | G14: =C14*D14*E14*F14 -> 80.275
B15: Material seleccionado para estabilización | C15: 130 | D15: 0.45 | E15: 8.55 | F15: 0.6 | G15: =-C15*D15*E15*F15 -> -300.105
B16: Disposición de material en lote privado | C16: 45 | D16: 0.2 | E16: 40 | F16: 1 | G16: =-C16*D16*E16*F16 -> -360
G17: =C17*D17*E17*F17 -> 0
G18: =C18*D18*E18*F18 -> 0
G19: =C19*D19*E19*F19 -> 0
G20: =C20*D20*E20*F20 -> 0
B21: Total | G21: =SUM(G10:G20) -> 945.5575
C26: ___________________________________________________________________
C27: Juan Diego Gutiérrez Barrera
C28: C.C 1.093.294.057
C29: Representante Legal Consorcio Fase IV L1

Sheet 2.03
B2: OBJETO DEL CONTRATO | C2: DIAGNOSTICO, CONSTRUCCION Y/O REHABILITACION Y/O MEJORAMIENTO DE LA MALLA VIAL URBANA DEL MUNICIPIO DE SAN JOSE DE CUCUTA FASE IV.
B3: INTERVENTOR | C3: SOCIEDAD CONSORCIO PROESCO S.A.S | E3: CONTRATO No. | F3: 3888 de 2023
B4: CONTRATISTA | C4: CONSORCIO FASE IV L1 | E4: CONTRATO No. | F4: 4230 De 2023
B5: MEMORIA DE CANTIDADES
B6: DESCRIPCION | D6: Riego de Liga con emulsión asfáltica CRR-1 PARA BACHEO (Incluye suministro y aplicación)
B7: ITEM | C7: 2.03 | E7: UNIDAD | F7: m2
B8: Dimensiones | F8: Cant | G8: subtotal
B9: Descripción | C9: Long | D9: Alt | E9: Ancho
B10: Caja 1 Guaimaral | C10: 6.95 | E10: 0.3 | F10: 1 | G10: =C10*E10*F10 -> 2.085
B11: Caja 1 Guaimaral | C11: 2.3 | E11: 0.3 | F11: 1 | G11: =C11*E11*F11 -> 0.69
B12: Caja 1 Guaimaral | C12: 1.5 | E12: 0.3 | F12: 1 | G12: =C12*E12*F12 -> 0.45
B13: Caja 1 Guaimaral | C13: 2.3 | E13: 0.3 | F13: 1 | G13: =C13*E13*F13 -> 0.69
B14: Caja 1 Guaimaral | C14: 1.25 | E14: 0.3 | F14: 1 | G14: =C14*E14*F14 -> 0.375
B15: Caja 1 Guaimaral | C15: 5.3 | E15: 0.3 | F15: 1 | G15: =C15*E15*F15 -> 1.59
B16: Caja 2 Guaimaral | C16: 9.5 | E16: 0.3 | F16: 2 | G16: =C16*E16*F16 -> 5.7
B17: Caja 2 Guaimaral | C17: 4.5 | E17: 0.3 | F17: 2 | G17: =C17*E17*F17 -> 2.7
B18: Caja 3 Guaimaral | C18: 3.5 | E18: 0.3 | F18: 2 | G18: =C18*E18*F18 -> 2.1
B19: Caja 3 Guaimaral | C19: 2.5 | E19: 0.3 | F19: 2 | G19: =C19*E19*F19 -> 1.5
B20: Caja 4 Guaimaral | C20: 2.3 | E20: 0.3 | F20: 2 | G20: =C20*E20*F20 -> 1.38
B21: Caja 4 Guaimaral | C21: 3 | E21: 0.3 | F21: 2 | G21: =C21*E21*F21 -> 1.8
... B35: Prados Norte | C35: 3.1 | E35: 0.15 | F35: 1 | G35: =C35*E35*F35 -> 0.465
B36: Prados Norte | C36: =3.53+1.5-1.74 -> 3.29 | E36: 0.15 | F36: 1 | G36: =C36*E36*F36 -> 0.4935
B37: Prados Norte | C37: =7.8+3.64 -> 11.44 | E37: 0.15 | F37: 1 | G37: =C37*E37*F37 -> 1.716
B38: Prados Norte | C38: 1.74 | E38: 0.15 | F38: 1 | G38: =C38*E38*F38 -> 0.261
B39: Prados Norte | C39: 1.4 | E39: 0.15 | F39: 1 | G39: =C39*E39*F39 -> 0.21
B40: Prados Norte | C40: =2.2+2.7 -> 4.9 | E40: 0.15 | F40: 1 | G40: =C40*E40*F40 -> 0.735
B41: Prados Norte | C41: 2.1 | E41: 0.15 | F41: 1 | G41: =C41*E41*F41 -> 0.315
B42: Prados Norte | C42: 2.7 | E42: 0.15 | F42: 1 | G42: =C42*E42*F42 -> 0.405
B43: Prados Norte | C43: 0.7 | E43: 0.15 | F43: 1 | G43: =C43*E43*F43 -> 0.105
B44: Prados Norte | C44: 2.2 | E44: 0.15 | F44: 1 | G44: =C44*E44*F44 -> 0.33
B45: Prados Norte | C45: 2.5 | E45: 0.15 | F45: 1 | G45: =C45*E45*F45 -> 0.375
B46: Prados Norte | C46: 4 | E46: 0.15 | F46: 1 | G46: =C46*E46*F46 -> 0.6
B47: Prados Norte | C47: =6.62-2.5 -> 4.12 | E47: 0.15 | F47: 1 | G47: =C47*E47*F47 -> 0.618
B48: Prados Norte | C48: 3.2 | E48: 0.15 | F48: 1 | G48: =C48*E48*F48 -> 0.48
B49: Prados Norte | C49: 6.54 | E49: 0.15 | F49: 1 | G49: =C49*E49*F49 -> 0.981
B50: Prados Norte | C50: 7.2 | E50: 0.15 | F50: 1 | G50: =C50*E50*F50 -> 1.08
B51: Prados Norte | C51: 2.2 | E51: 6 | F51: 1 | G51: =C51*E51*F51 -> 13.2
B52: Prados Norte | C52: 2 | E52: 2 | F52: 1 | G52: =C52*E52*F52 -> 4
B53: Prados Norte | C53: 4.02 | E53: 7.3 | F53: 1 | G53: =C53*E53*F53 -> 29.346
B54: Prados Norte | C54: 2.5 | E54: 3.3 | F54: 1 | G54: =C54*E54*F54 -> 8.25
B55: Prados Norte | C55: 2.6516004 | E55: 5 | F55: 1 | G55: =C55*E55*F55 -> 13.258002
B56: Total | G56: =SUM(G10:G55) -> 112.088
C60: ___________________________________________________________________
C61: Juan Diego Gutiérrez Barrera
C62: C.C 1.093.294.057
C63: Representante Legal Consorcio Fase IV L1

Sheet 2.04
B2: OBJETO DEL CONTRATO | C2: DIAGNOSTICO, CONSTRUCCION Y/O REHABILITACION Y/O MEJORAMIENTO DE LA MALLA VIAL URBANA DEL MUNICIPIO DE SAN JOSE DE CUCUTA FASE IV.
B3: INTERVENTOR | C3: SOCIEDAD CONSORCIO PROESCO S.A.S | E3: CONTRATO No. | F3: 3888 de 2023
B4: CONTRATISTA | C4: CONSORCIO FASE IV L1 | E4: CONTRATO No. | F4: 4230 De 2023
B5: MEMORIA DE CANTIDADES
B6: DESCRIPCION | D6: Riego de imprimación con emulsión asfáltica CRL-1 PARA BACHEO (Incluye suministro y aplicación)
B7: ITEM | C7: 2.04 | E7: UNIDAD | F7: m2
B8: Dimensiones | F8: Cant | G8: subtotal
B9: Descripción | C9: Long | D9: Alt | E9: Ancho
B10: Caja 1 Guaimaral | C10: 5.3 | E10: 2.75 | F10: 1 | G10: =C10*E10*F10 -> 14.575
B11: Caja 1 Guaimaral | C11: 1.5 | E11: 2.3 | F11: 1 | G11: =C11*E11*F11 -> 3.45
B12: Caja 2 Guaimaral | C12: 9.5 | E12: 4.5 | F12: 1 | G12: =C12*E12*F12 -> 42.75
B13: Caja 3 Guaimaral | C13: 3.5 | E13: 2.5 | F13: 1 | G13: =C13*E13*F13 -> 8.75
B14: Caja 4 Guaimaral | C14: 2.3 | E14: 3 | F14: 1 | G14: =C14*E14*F14 -> 6.9
B15: Caja 5 Guaimaral | C15: 2.5 | E15: 2.5 | F15: 1 | G15: =C15*E15*F15 -> 6.25
B16: Caja 1 Zona Industrial | C16: 1.6 | E16: 2.55 | F16: 1 | G16: =C16*E16*F16 -> 4.08
B17: Caja 1 Zona Indistrial | C17: 3.3 | E17: 2.6 | F17: 1 | G17: =C17*E17*F17 -> 8.58
B18: Caja 2 Zona Industrial | C18: 2.3 | E18: 2 | F18: 1 | G18: =C18*E18*F18 -> 4.6
B19: Prados Norte | C19: 2.4 | E19: 2.4 | F19: 1 | G19: =C19*E19*F19 -> 5.76
B20: Prados Norte | C20: 3.53 | E20: 7 | F20: 1 | G20: =C20*E20*F20 -> 24.71
B21: Prados Norte | C21: 3.1 | E21: =3.53+1.5 -> 5.03 | F21: 1 | G21: =C21*E21*F21 -> 15.593
B22: Prados Norte | C22: 1.74 | E22: =7.8+3.64 -> 11.44 | F22: 1 | G22: =C22*E22*F22 -> 19.9056
B23: Prados Norte | C23: 2.2 | E23: 1.4 | F23: 1 | G23: =C23*E23*F23 -> 3.08
B24: Prados Norte | C24: 2.7 | E24: 2.1 | F24: 1 | G24: =C24*E24*F24 -> 5.67
B25: Prados Norte | C25: 2.5 | E25: 4 | F25: 1 | G25: =C25*E25*F25 -> 10
B26: Prados Norte | C26: 6.52 | E26: 3.2 | F26: 1 | G26: =C26*E26*F26 -> 20.864
G27: =C27*E27*F27 -> 0
B28: Total | G28: =SUM(G10:G27) -> 205.5176
C32: ___________________________________________________________________
C33: Juan Diego Gutiérrez Barrera
C34: C.C 1.093.294.057
C35: Representante Legal Consorcio Fase IV L1

Sheet 2.05
B2: OBJETO DEL CONTRATO | C2: DIAGNOSTICO, CONSTRUCCION Y/O REHABILITACION Y/O MEJORAMIENTO DE LA MALLA VIAL URBANA DEL MUNICIPIO DE SAN JOSE DE CUCUTA FASE IV.
B3: INTERVENTOR | C3: SOCIEDAD CONSORCIO PROESCO S.A.S | E3: CONTRATO No. | F3: 3888 de 2023
B4: CONTRATISTA | C4: CONSORCIO FASE IV L1 | E4: CONTRATO No. | F4: 4230 De 2023
B5: MEMORIA DE CANTIDADES
B6: DESCRIPCION | D6: MEZCLA ASFÁLTICA EN CALIENTE TIPO MDC-19 PARA BACHEO (Incluye Suministro, extendido, nivelación y compactación CON VIBROCOMPACTADOR DE 3 TON, incluye transporte del material)
B7: ITEM | C7: ITEM | D7: 2.05 | E7: UNIDAD | F7: m3
B8: Dimensiones | F8: Cant | G8: subtotal
B9: Descripción | C9: Long | D9: Alt | E9: Ancho
B10: Caja 1 Guaimaral | C10: 5.3 | D10: 0.1 | E10: 2.75 | F10: 1 | G10: =C10*D10*E10*F10 -> 1.4575
B11: Caja 1 Guaimaral | C11: 1.5 | D11: 0.1 | E11: 2.3 | F11: 1 | G11: =C11*D11*E11*F11 -> 0.345
B12: Caja 2 Guaimaral | C12: 9.5 | D12: 0.1 | E12: 4.5 | F12: 1 | G12: =C12*D12*E12*F12 -> 4.275
B13: Caja 3 Guaimaral | C13: 3.5 | D13: 0.1 | E13: 2.5 | F13: 1 | G13: =C13*D13*E13*F13 -> 0.875
B14: Caja 4 Guaimaral | C14: 2.3 | D14: 0.1 | E14: 3 | F14: 1 | G14: =C14*D14*E14*F14 -> 0.69
B15: Caja 5 Guaimaral | C15: 2.5 | D15: 0.1 | E15: 2.5 | F15: 1 | G15: =C15*D15*E15*F15 -> 0.625
B16: Caja 1 Zona Industrial | C16: 1.6 | D16: 0.1 | E16: 2.55 | F16: 1 | G16: =C16*D16*E16*F16 -> 0.408
B17: Caja 1 Zona Industrial | C17: 3.3 | D17: 0.1 | E17: 2.6 | F17: 1 | G17: =C17*D17*E17*F17 -> 0.858
B18: Caja 2 Zona Industrial | C18: 2.3 | D18: 0.1 | E18: 2 | F18: 1 | G18: =C18*D18*E18*F18 -> 0.46
B19: Prados Norte | C19: 2.4 | D19: 0.1 | E19: 2.4 | F19: 1 | G19: =C19*D19*E19*F19 -> 0.576
B20: Prados Norte | C20: 3.53 | D20: 0.1 | E20: 7 | F20: 1 | G20: =C20*D20*E20*F20 -> 2.471
B21: Prados Norte | C21: 3.1 | D21: 0.1 | E21: =3.53+1.5 -> 5.03 | F21: 1 | G21: =C21*D21*E21*F21 -> 1.5593
B22: Prados Norte | C22: 1.74 | D22: 0.1 | E22: =7.8+3.64 -> 11.44 | F22: 1 | G22: =C22*D22*E22*F22 -> 1.99056
B23: Prados Norte | C23: 2.2 | D23: 0.1 | E23: 1.4 | F23: 1 | G23: =C23*D23*E23*F23 -> 0.308
B24: Prados Norte | C24: 2.7 | D24: 0.1 | E24: 2.1 | F24: 1 | G24: =C24*D24*E24*F24 -> 0.567
B25: Prados Norte | C25: 2.5 | D25: 0.1 | E25: 4 | F25: 1 | G25: =C25*D25*E25*F25 -> 1
B26: Prados Norte | C26: 6.52 | D26: 0.1 | E26: 3.2 | F26: 1 | G26: =C26*D26*E26*F26 -> 2.0864
B27: Total | G27: =ROUND(SUM(G10:G26),0) -> 21
C31: ___________________________________________________________________
C32: Juan Diego Gutiérrez Barrera
C33: C.C 1.093.294.057
C34: Representante Legal Consorcio Fase IV L1

Sheet 2.06
B2: OBJETO DEL CONTRATO | C2: DIAGNOSTICO, CONSTRUCCION Y/O REHABILITACION Y/O MEJORAMIENTO DE LA MALLA VIAL URBANA DEL MUNICIPIO DE SAN JOSE DE CUCUTA FASE IV.
B3: INTERVENTOR | C3: SOCIEDAD CONSORCIO PROESCO S.A.S | E3: CONTRATO No. | F3: 3888 de 2023
B4: CONTRATISTA | C4: CONSORCIO FASE IV L1 | E4: CONTRATO No. | F4: 4230 De 2023
B5: MEMORIA DE CANTIDADES
B6: DESCRIPCION | D6: PARCHEO TEMPORAL DE EMERGENCIA CON MDC-19 (Incluye Suministro, Extendido, Nivelación, compactación y transporte del material, personal e insumos. Emergencias Menores a 7 M2)
B7: ITEM | C7: 2.06 | E7: UNIDAD | F7: m3
B8: Dimensiones | F8: Cant | G8: subtotal
B9: Descripción | C9: Long | D9: Alt | E9: Ancho
B10: Parcheo Guaimaral | C10: 4 | D10: 0.035 | E10: 2.75 | F10: 1 | G10: =C10*D10*E10*F10 -> 0.385
B11: Parcheo Guaimaral | C11: 1.55 | D11: 0.035 | E11: 2.3 | F11: 1 | G11: =C11*D11*E11*F11 -> 0.124775
B12: Parcheo Guaimaral | C12: 7.95 | D12: 0.035 | E12: 4.6 | F12: 1 | G12: =C12*D12*E12*F12 -> 1.27995
B13: Parcheo Guaimaral | C13: 3.5 | D13: 0.035 | E13: 2.5 | F13: 1 | G13: =C13*D13*E13*F13 -> 0.30625
B14: Parcheo Guaimaral | C14: 2.3 | D14: 0.035 | E14: 3 | F14: 1 | G14: =C14*D14*E14*F14 -> 0.2415
B15: Parcheo Guaimaral | C15: 2.5 | D15: 0.035 | E15: 2.5 | F15: 1 | G15: =C15*D15*E15*F15 -> 0.21875
B16: Parcheo Zona Industrial | C16: 1.6 | D16: 0.035 | E16: 2.55 | F16: 1 | G16: =C16*D16*E16*F16 -> 0.1428
B17: Parcheo Zona Industrial | C17: 3.3 | D17: 0.035 | E17: 2.6 | F17: 1 | G17: =C17*D17*E17*F17 -> 0.3003
B18: Parcheo Zona Industrial | C18: 2.3 | D18: 0.035 | E18: 2 | F18: 1 | G18: =C18*D18*E18*F18 -> 0.161
B19: Prados Norte | C19: 2.2 | D19: 0.08 | E19: 6 | F19: 1 | G19: =C19*D19*E19*F19 -> 1.056
B20: Prados Norte | C20: 2 | D20: 0.08 | E20: 2 | F20: 1 | G20: =C20*D20*E20*F20 -> 0.32
B21: Prados Norte | C21: 4.02 | D21: 0.08 | E21: 7.3 | F21: 1 | G21: =C21*D21*E21*F21 -> 2.34768
B22: Prados Norte | C22: 2.5 | D22: 0.08 | E22: 3.3 | F22: 1 | G22: =C22*D22*E22*F22 -> 0.66
B23: Prados Norte | C23: ='2.03'!C55 -> 2.6516004 | D23: 0.08 | E23: ='2.03'!E55 -> 5 | F23: 1 | G23: =C23*D23*E23*F23 -> 1.0606402
B24: Total | G24: =SUM(G10:G23) -> 8.6046452
C28: ___________________________________________________________________
C29: Juan Diego Gutiérrez Barrera
C30: C.C 1.093.294.057
C31: Representante Legal Consorcio Fase IV L1

Sheet 2.10
B2: OBJETO DEL CONTRATO | C2: DIAGNOSTICO, CONSTRUCCION Y/O REHABILITACION Y/O MEJORAMIENTO DE LA MALLA VIAL URBANA DEL MUNICIPIO DE SAN JOSE DE CUCUTA FASE IV.
B3: INTERVENTOR | C3: SOCIEDAD CONSORCIO PROESCO S.A.S | E3: CONTRATO No. | F3: 3888 de 2023
B4: CONTRATISTA | C4: CONSORCIO FASE IV L1 | E4: CONTRATO No. | F4: 4230 De 2023
B5: MEMORIA DE CANTIDADES
B6: DESCRIPCION | D6: Retiro de sobrantes a sitio final de disposición (incluye cargue manual)
B7: ITEM | C7: 2.10 | E7: UNIDAD | F7: m3
B8: Dimensiones | F8: Cant | G8: subtotal
B9: Descripción | C9: Long | D9: Alt | E9: Ancho
B10: Caja 1 Guaimaral | C10: 5.3 | D10: 0.1 | E10: 2.75 | F10: 1.3 | G10: =C10*D10*E10*F10 -> 1.89475
B11: Caja 1 Guaimaral | C11: 1.5 | D11: 0.1 | E11: 2.3 | F11: 1.3 | G11: =C11*D11*E11*F11 -> 0.4485
B12: Caja 2 Guaimaral | C12: 9.5 | D12: 0.1 | E12: 4.5 | F12: 1.3 | G12: =C12*D12*E12*F12 -> 5.5575
B13: Caja 3 Guaimaral | C13: 3.5 | D13: 0.1 | E13: 2.5 | F13: 1.3 | G13: =C13*D13*E13*F13 -> 1.1375
B14: Caja 4 Guaimaral | C14: 2.3 | D14: 0.1 | E14: 3 | F14: 1.3 | G14: =C14*D14*E14*F14 -> 0.897
B15: Caja 5 Guaimaral | C15: 2.5 | D15: 0.1 | E15: 2.5 | F15: 1.3 | G15: =C15*D15*E15*F15 -> 0.8125
B16: Caja 1 Zona Industrial | C16: 1.6 | D16: 0.1 | E16: 2.55 | F16: 1.3 | G16: =C16*D16*E16*F16 -> 0.5304
B17: Caja 1 Zona Industrial | C17: 3.3 | D17: 0.1 | E17: 2.6 | F17: 1.3 | G17: =C17*D17*E17*F17 -> 1.1154
B18: Caja 2 Zona Industrial | C18: 2.3 | D18: 0.1 | E18: 2 | F18: 1.3 | G18: =C18*D18*E18*F18 -> 0.598
B19: Prados Norte | C19: 2.4 | D19: 0.1 | E19: 2.4 | F19: 1.3 | G19: =C19*D19*E19*F19 -> 0.7488
B20: Prados Norte | C20: 3.53 | D20: 0.1 | E20: 7 | F20: 1.3 | G20: =C20*D20*E20*F20 -> 3.2123
B21: Prados Norte | C21: 3.1 | D21: 0.1 | E21: =3.53+1.5 -> 5.03 | F21: 1.3 | G21: =C21*D21*E21*F21 -> 2.02709
B22: Prados Norte | C22: 1.74 | D22: 0.1 | E22: =7.8+3.64 -> 11.44 | F22: 1.3 | G22: =C22*D22*E22*F22 -> 2.587728
B23: Prados Norte | C23: 2.2 | D23: 0.1 | E23: 1.4 | F23: 1.3 | G23: =C23*D23*E23*F23 -> 0.4004
B24: Prados Norte | C24: 2.7 | D24: 0.1 | E24: 2.1 | F24: 1.3 | G24: =C24*D24*E24*F24 -> 0.7371
B25: Prados Norte | C25: 2.5 | D25: 0.1 | E25: 4 | F25: 1.3 | G25: =C25*D25*E25*F25 -> 1.3
B26: Prados Norte | C26: 6.52 | D26: 0.1 | E26: 3.2 | F26: 1.3 | G26: =C26*D26*E26*F26 -> 2.71232
B27: Total | G27: =ROUND(SUM(G10:G26),0) -> 27
C31: ___________________________________________________________________
C32: Juan Diego Gutiérrez Barrera
C33: C.C 1.093.294.057
C34: Representante Legal Consorcio Fase IV L1

Sheet 2.11
B2: OBJETO DEL CONTRATO | C2: DIAGNOSTICO, CONSTRUCCION Y/O REHABILITACION Y/O MEJORAMIENTO DE LA MALLA VIAL URBANA DEL MUNICIPIO DE SAN JOSE DE CUCUTA FASE IV.
B3: INTERVENTOR | C3: SOCIEDAD CONSORCIO PROESCO S.A.S | E3: CONTRATO No. | F3: 3888 de 2023
B4: CONTRATISTA | C4: CONSORCIO FASE IV L1 | E4: CONTRATO No. | F4: 4230 De 2023
B5: MEMORIA DE CANTIDADES
B6: DESCRIPCION | D6: Limpieza de sumideros
B7: ITEM | C7: 2.11 | E7: UNIDAD | F7: und
B8: Dimensiones | F8: Cant | G8: subtotal
B9: Descripción | C9: Long | D9: Alt | E9: Ancho
B10: Av Panamericana | F10: 1 | G10: =F10 -> 1
B11: Av Panamericana | F11: 1 | G11: =F11 -> 1
G12: =F12 -> 0
G13: =F13 -> 0
G14: =F14 -> 0
G15: =F15 -> 0
G16: =F16 -> 0
G17: =F17 -> 0
G18: =F18 -> 0
G19: =F19 -> 0
G20: =F20 -> 0
B21: Total | G21: =ROUND(SUM(G10:G20),0) -> 2
C25: ___________________________________________________________________
C26: Juan Diego Gutiérrez Barrera
C27: C.C 1.093.294.057
C28: Representante Legal Consorcio Fase IV L1

Sheet 2.23
B2: OBJETO DEL CONTRATO | C2: DIAGNOSTICO, CONSTRUCCION Y/O REHABILITACION Y/O MEJORAMIENTO DE LA MALLA VIAL URBANA DEL MUNICIPIO DE SAN JOSE DE CUCUTA FASE IV.
B3: INTERVENTOR | C3: SOCIEDAD CONSORCIO PROESCO S.A.S | E3: CONTRATO No. | F3: 3888 de 2023
B4: CONTRATISTA | C4: CONSORCIO FASE IV L1 | E4: CONTRATO No. | F4: 4230 De 2023
B5: MEMORIA DE CANTIDADES
B6: DESCRIPCION | D6: Generación y disposición de sobrantes
B7: ITEM | C7: ITEM | D7: 2.23 | E7: UNIDAD | F7: m3
B8: Dimensiones | F8: Cant | G8: subtotal
B9: Descripción | C9: Long | D9: Alt | E9: Ancho
B10: Caja 1 Guaimaral | C10: 5.3 | D10: 0.1 | E10: 2.75 | F10: 1.3 | G10: =C10*D10*E10*F10 -> 1.89475
B11: Caja 1 Guaimaral | C11: 1.5 | D11: 0.1 | E11: 2.3 | F11: 1.3 | G11: =C11*D11*E11*F11 -> 0.4485
B12: Caja 2 Guaimaral | C12: 9.5 | D12: 0.1 | E12: 4.5 | F12: 1.3 | G12: =C12*D12*E12*F12 -> 5.5575
B13: Caja 3 Guaimaral | C13: 3.5 | D13: 0.1 | E13: 2.5 | F13: 1.3 | G13: =C13*D13*E13*F13 -> 1.1375
B14: Caja 4 Guaimaral | C14: 2.3 | D14: 0.1 | E14: 3 | F14: 1.3 | G14: =C14*D14*E14*F14 -> 0.897
B15: Caja 5 Guaimaral | C15: 2.5 | D15: 0.1 | E15: 2.5 | F15: 1.3 | G15: =C15*D15*E15*F15 -> 0.8125
B16: Caja 1 Zona Industrial | C16: 1.6 | D16: 0.1 | E16: 2.55 | F16: 1.3 | G16: =C16*D16*E16*F16 -> 0.5304
B17: Caja 1 Zona Industrial | C17: 3.3 | D17: 0.1 | E17: 2.6 | F17: 1.3 | G17: =C17*D17*E17*F17 -> 1.1154
B18: Caja 2 Zona Industrial | C18: 2.3 | D18: 0.1 | E18: 2 | F18: 1.3 | G18: =C18*D18*E18*F18 -> 0.598
B19: Prados Norte | C19: 2.4 | D19: 0.1 | E19: 2.4 | F19: 1.3 | G19: =C19*D19*E19*F19 -> 0.7488
B20: Prados Norte | C20: 3.53 | D20: 0.1 | E20: 7 | F20: 1.3 | G20: =C20*D20*E20*F20 -> 3.2123
B21: Prados Norte | C21: 3.1 | D21: 0.1 | E21: =3.53+1.5 -> 5.03 | F21: 1.3 | G21: =C21*D21*E21*F21 -> 2.02709
B22: Prados Norte | C22: 1.74 | D22: 0.1 | E22: =7.8+3.64 -> 11.44 | F22: 1.3 | G22: =C22*D22*E22*F22 -> 2.587728
B23: Prados Norte | C23: 2.2 | D23: 0.1 | E23: 1.4 | F23: 1.3 | G23: =C23*D23*E23*F23 -> 0.4004
B24: Prados Norte | C24: 2.7 | D24: 0.1 | E24: 2.1 | F24: 1.3 | G24: =C24*D24*E24*F24 -> 0.7371
B25: Prados Norte | C25: 2.5 | D25: 0.1 | E25: 4 | F25: 1.3 | G25: =C25*D25*E25*F25 -> 1.3
B26: Prados Norte | C26: 6.52 | D26: 0.1 | E26: 3.2 | F26: 1.3 | G26: =C26*D26*E26*F26 -> 2.71232
B27: Total | G27: =ROUND(SUM(G10:G26),0) -> 27
C31: ___________________________________________________________________
C32: Juan Diego Gutiérrez Barrera
C33: C.C 1.093.294.057
C34: Representante Legal Consorcio Fase IV L1

Sheet 3.07
B2: OBJETO DEL CONTRATO | C2: DIAGNOSTICO, CONSTRUCCION Y/O REHABILITACION Y/O MEJORAMIENTO DE LA MALLA VIAL URBANA DEL MUNICIPIO DE SAN JOSE DE CUCUTA FASE IV.
B3: INTERVENTOR | C3: SOCIEDAD CONSORCIO PROESCO S.A.S | E3: CONTRATO No. | F3: 3888 de 2023
B4: CONTRATISTA | C4: CONSORCIO FASE IV L1 | E4: CONTRATO No. | F4: 4230 De 2023
B5: MEMORIA DE CANTIDADES
B6: DESCRIPCION | D6: Realce de Pozos en concreto de 3000 psi (incluye demolición de concreto y refuerzo)
B7: ITEM | C7: 3.07 | E7: UNIDAD | F7: und
B8: Dimensiones | F8: Cant | G8: subtotal
B9: Descripción | C9: Long | D9: Alt | E9: Ancho
B10: Av Panamericana | F10: 1 | G10: =F10 -> 1
B11: Av Panamericana | F11: 1 | G11: =F11 -> 1
B12: Av Panamericana | F12: 1 | G12: =F12 -> 1
B13: Av Panamericana | F13: 1 | G13: =F13 -> 1
G14: =F14 -> 0
G15: =F15 -> 0
G16: =F16 -> 0
B17: Total | G17: =ROUND(SUM(G10:G16),0) -> 4
C21: ___________________________________________________________________
C22: Juan Diego Gutiérrez Barrera
C23: C.C 1.093.294.057
C24: Representante Legal Consorcio Fase IV L1

Sheet 3.13
B2: OBJETO DEL CONTRATO | C2: DIAGNOSTICO, CONSTRUCCION Y/O REHABILITACION Y/O MEJORAMIENTO DE LA MALLA VIAL URBANA DEL MUNICIPIO DE SAN JOSE DE CUCUTA FASE IV.
B3: INTERVENTOR | C3: SOCIEDAD CONSORCIO PROESCO S.A.S | E3: CONTRATO No. | F3: 3888 de 2023
B4: CONTRATISTA | C4: CONSORCIO FASE IV L1 | E4: CONTRATO No. | F4: 4230 De 2023
B5: MEMORIA DE CANTIDADES
B6: DESCRIPCION | D6: Pedraplen compacto
B7: ITEM | C7: 3.08 | E7: UNIDAD | F7: m3
B8: Dimensiones | F8: Cant | G8: subtotal
B9: Descripción | C9: Long | D9: Alt | E9: Ancho
B10: Av Panamericana + cuneta | C10: 130 | D10: 0.32 | E10: 8.55 | F10: 1 | G10: =C10*D10*E10*F10 -> 355.68
G11: =C11*D11*E11*F11 -> 0
G13: =C13*D13*E13*F13 -> 0
G14: =C14*D14*E14*F14 -> 0
G15: =C15*D15*E15*F15 -> 0 | J15: =3.5*120 -> 420
G16: =C16*D16*E16*F16 -> 0 | J16: 1704718.5
B17: Total | G17: =SUM(G10:G16) -> 355.68 | J17: =J16*1.19 -> 2028615
J18: =J17/J15 -> 4830.0357
C21: ___________________________________________________________________
C22: Juan Diego Gutiérrez Barrera
C23: C.C 1.093.294.057
C24: Representante Legal Consorcio Fase IV L1

Sheet 3.15
B2: OBJETO DEL CONTRATO | C2: DIAGNOSTICO, CONSTRUCCION Y/O REHABILITACION Y/O MEJORAMIENTO DE LA MALLA VIAL URBANA DEL MUNICIPIO DE SAN JOSE DE CUCUTA FASE IV.
B3: INTERVENTOR | C3: SOCIEDAD CONSORCIO PROESCO S.A.S | E3: CONTRATO No. | F3: 3888 de 2023
B4: CONTRATISTA | C4: CONSORCIO FASE IV L1 | E4: CONTRATO No. | F4: 4230 De 2023
B5: MEMORIA DE CANTIDADES
B6: DESCRIPCION | D6: Concreto de Saneamiento de 14 Mpa.
B7: ITEM | C7: 3.15 | E7: UNIDAD | F7: m3
B8: Dimensiones | F8: Cant | G8: subtotal
B9: Descripción | C9: Long | D9: Alt | E9: Ancho
B10: Concreto de saneamiento para filtro | C10: 130 | D10: 0.05 | E10: 1.2 | F10: 1 | G10: =C10*D10*E10*F10 -> 7.8
G11: =C11*D11*E11*F11 -> 0
G12: =C12*D12*E12*F12 -> 0
G13: =C13*D13*E13*F13 -> 0
G14: =C14*D14*E14*F14 -> 0
G15: =C15*D15*E15*F15 -> 0
G16: =C16*D16*E16*F16 -> 0
B17: Total | G17: =SUM(G10:G16) -> 7.8
C21: ___________________________________________________________________
C22: Juan Diego Gutiérrez Barrera
C23: C.C 1.093.294.057
C24: Representante Legal Consorcio Fase IV L1

Sheet 3.18
B2: OBJETO DEL CONTRATO | C2: DIAGNOSTICO, CONSTRUCCION Y/O REHABILITACION Y/O MEJORAMIENTO DE LA MALLA VIAL URBANA DEL MUNICIPIO DE SAN JOSE DE CUCUTA FASE IV.
B3: INTERVENTOR | C3: SOCIEDAD CONSORCIO PROESCO S.A.S | E3: CONTRATO No. | F3: 3888 de 2023
B4: CONTRATISTA | C4: CONSORCIO FASE IV L1 | E4: CONTRATO No. | F4: 4230 De 2023
B5: MEMORIA DE CANTIDADES
B6: DESCRIPCION | D6: Entibado vertical zanja excavación
B7: ITEM | C7: 3.18 | E7: UNIDAD | F7: m2
B8: Dimensiones | F8: Cant | G8: subtotal
B9: Descripción | C9: Long | D9: Alt | E9: Ancho
B10: Filtro | C10: 130 | D10: 0.64 | F10: 2 | G10: =C10*D10*F10 -> 166.4
G11: =C11*D11*E11*F11 -> 0
G12: =C12*D12*E12*F12 -> 0
G13: =C13*D13*E13*F13 -> 0
G14: =C14*D14*E14*F14 -> 0
G15: =C15*D15*E15*F15 -> 0
G16: =C16*D16*E16*F16 -> 0
B17: Total | G17: =SUM(G10:G16) -> 166.4
D21: ___________________________________________________________________
D22: Juan Diego Gutiérrez Barrera
D23: C.C 1.093.294.057
D24: Representante Legal Consorcio Fase IV L1

Sheet 4.01
B2: OBJETO DEL CONTRATO | C2: DIAGNOSTICO, CONSTRUCCION Y/O REHABILITACION Y/O MEJORAMIENTO DE LA MALLA VIAL URBANA DEL MUNICIPIO DE SAN JOSE DE CUCUTA FASE IV.
B3: INTERVENTOR | C3: SOCIEDAD CONSORCIO PROESCO S.A.S | E3: CONTRATO No. | F3: 3888 de 2023
B4: CONTRATISTA | C4: CONSORCIO FASE IV L1 | E4: CONTRATO No. | F4: 4230 De 2023
B5: MEMORIA DE CANTIDADES
B6: DESCRIPCION | D6: Demarcación horizontal lineal ancho 12 cm, pintura acrílica (incluye suministro, aplicación manual)
B7: ITEM | C7: 4.01 | E7: UNIDAD | F7: ml
B8: Dimensiones | F8: Cant | G8: subtotal
B9: Descripción | C9: Long | D9: Alt | E9: Ancho
B10: Lineas laterales Av Panamericana | C10: 130 | F10: 3 | G10: =C10*F10 -> 390
G11: =C11*D11*E11*F11 -> 0
G12: =C12*D12*E12*F12 -> 0
G13: =C13*D13*E13*F13 -> 0
G14: =C14*D14*E14*F14 -> 0
G15: =C15*D15*E15*F15 -> 0
G16: =C16*D16*E16*F16 -> 0
B17: Total | G17: =SUM(G10:G16) -> 390
C21: ___________________________________________________________________
C22: Juan Diego Gutiérrez Barrera
C23: C.C 1.093.294.057
C24: Representante Legal Consorcio Fase IV L1

Sheet 4.02
B2: OBJETO DEL CONTRATO | C2: DIAGNOSTICO, CONSTRUCCION Y/O REHABILITACION Y/O MEJORAMIENTO DE LA MALLA VIAL URBANA DEL MUNICIPIO DE SAN JOSE DE CUCUTA FASE IV.
B3: INTERVENTOR | C3: SOCIEDAD CONSORCIO PROESCO S.A.S | E3: CONTRATO No. | F3: 3888 de 2023
B4: CONTRATISTA | C4: CONSORCIO FASE IV L1 | E4: CONTRATO No. | F4: 4230 De 2023
B5: MEMORIA DE CANTIDADES
B6: DESCRIPCION | D6: Demarcación horizontal marcas viales (cebras, flechas, símbolos, letras) pintura acrílica (incluye suministro, aplicación manual)
B7: ITEM | C7: 4.02 | E7: UNIDAD | F7: m2
B8: Dimensiones | F8: Cant | G8: subtotal
B9: Descripción | C9: Long | D9: Alt | E9: Ancho
B10: Cebra vía Panamericana | C10: 8.55 | F10: 3 | G10: =C10*F10 -> 25.65
G11: =C11*F11 -> 0
G12: =C12*D12*E12*F12 -> 0
G13: =C13*D13*E13*F13 -> 0
G14: =C14*D14*E14*F14 -> 0
G15: =C15*D15*E15*F15 -> 0
G16: =C16*D16*E16*F16 -> 0
B17: Total | G17: =SUM(G10:G16) -> 25.65
C21: ___________________________________________________________________
C22: Juan Diego Gutiérrez Barrera
C23: C.C 1.093.294.057
C24: Representante Legal Consorcio Fase IV L1

Sheet NP.01
B2: OBJETO DEL CONTRATO | C2: DIAGNOSTICO, CONSTRUCCION Y/O REHABILITACION Y/O MEJORAMIENTO DE LA MALLA VIAL URBANA DEL MUNICIPIO DE SAN JOSE DE CUCUTA FASE IV.
B3: INTERVENTOR | C3: SOCIEDAD CONSORCIO PROESCO S.A.S | E3: CONTRATO No. | F3: 3888 de 2023
B4: CONTRATISTA | C4: CONSORCIO FASE IV L1 | E4: CONTRATO No. | F4: 4230 De 2023
B5: MEMORIA DE CANTIDADES
B6: DESCRIPCION | D6: Construcción de filtro
B7: ITEM | C7: NP.01 | E7: UNIDAD | F7: ml
B8: Dimensiones | F8: Cant | G8: subtotal
B9: Descripción | C9: Long | D9: Alt | E9: Ancho
B10: Filtro bajo cuneta vía Panamericana | C10: 130 | F10: 1 | G10: =C10*F10 -> 130
G11: =C11*D11*E11*F11 -> 0
G12: =C12*D12*E12*F12 -> 0
G13: =C13*D13*E13*F13 -> 0
G14: =C14*D14*E14*F14 -> 0
G15: =C15*D15*E15*F15 -> 0
G16: =C16*D16*E16*F16 -> 0
B17: Total | G17: =SUM(G10:G16) -> 130
C21: ___________________________________________________________________
C22: Juan Diego Gutiérrez Barrera
C23: C.C 1.093.294.057
C24: Representante Legal Consorcio Fase IV L1

Sheet NP.02
B2: OBJETO DEL CONTRATO | C2: DIAGNOSTICO, CONSTRUCCION Y/O REHABILITACION Y/O MEJORAMIENTO DE LA MALLA VIAL URBANA DEL MUNICIPIO DE SAN JOSE DE CUCUTA FASE IV.
B3: INTERVENTOR | C3: SOCIEDAD CONSORCIO PROESCO S.A.S | E3: CONTRATO No. | F3: 3888 de 2023
B4: CONTRATISTA | C4: CONSORCIO FASE IV L1 | E4: CONTRATO No. | F4: 4230 De 2023
B5: MEMORIA DE CANTIDADES
B6: DESCRIPCION | D6: Geo malla para entre capaz asfálticas
B7: ITEM | C7: NP.02 | E7: UNIDAD | F7: m2
B8: Dimensiones | F8: Cant | G8: subtotal
B9: Descripción | C9: Long | D9: Alt | E9: Ancho
B10: Vía Panamericana | C10: 130 | E10: 8.55 | F10: 1 | G10: =C10*E10*F10 -> 1111.5
G11: =C11*D11*E11*F11 -> 0
G12: =C12*D12*E12*F12 -> 0
G13: =C13*D13*E13*F13 -> 0
G14: =C14*D14*E14*F14 -> 0
G15: =C15*D15*E15*F15 -> 0
G16: =C16*D16*E16*F16 -> 0
B17: Total | G17: =SUM(G10:G16) -> 1111.5
C21: ___________________________________________________________________
C22: Juan Diego Gutiérrez Barrera
C23: C.C 1.093.294.057
C24: Representante Legal Consorcio Fase IV L1

Sheet NP.03
B2: OBJETO DEL CONTRATO | C2: DIAGNOSTICO, CONSTRUCCION Y/O REHABILITACION Y/O MEJORAMIENTO DE LA MALLA VIAL URBANA DEL MUNICIPIO DE SAN JOSE DE CUCUTA FASE IV.
B3: INTERVENTOR | C3: SOCIEDAD CONSORCIO PROESCO S.A.S | E3: CONTRATO No. | F3: 3888 de 2023
B4: CONTRATISTA | C4: CONSORCIO FASE IV L1 | E4: CONTRATO No. | F4: 4230 De 2023
B5: MEMORIA DE CANTIDADES
B6: DESCRIPCION | D6: Recalce de sumideros en concreto de 3000PSI (incluye demolicion de concreto y refuerzo)
B7: ITEM | C7: NP.03 | E7: UNIDAD | F7: und
B8: Dimensiones | F8: Cant | G8: subtotal
B9: Descripción | C9: Long | D9: Alt | E9: Ancho
B10: Vía Panamericana | C10: 1 | G10: =+C10 -> 1
B11: Vía Panamericana | C11: 1 | G11: =+C11 -> 1
G12: =+C12 -> 0
G13: =+C13 -> 0
G14: =C14*F14 -> 0
G15: =C15*F15 -> 0
G16: =C16*F16 -> 0
B17: Total | G17: =SUM(G10:G16) -> 2
C21: ___________________________________________________________________
C22: Juan Diego Gutiérrez Barrera
C23: C.C 1.093.294.057
C24: Representante Legal Consorcio Fase IV L1

Sheet NP.04
B2: OBJETO DEL CONTRATO | C2: DIAGNOSTICO, CONSTRUCCION Y/O REHABILITACION Y/O MEJORAMIENTO DE LA MALLA VIAL URBANA DEL MUNICIPIO DE SAN JOSE DE CUCUTA FASE IV.
B3: INTERVENTOR | C3: SOCIEDAD CONSORCIO PROESCO S.A.S | E3: CONTRATO No. | F3: 3888 de 2023
B4: CONTRATISTA | C4: CONSORCIO FASE IV L1 | E4: CONTRATO No. | F4: 4230 De 2023
B5: MEMORIA DE CANTIDADES
B6: DESCRIPCION | D6: Construccion de cuneta
B7: ITEM | C7: NP.04 | E7: UNIDAD | F7: ml
B8: Dimensiones | F8: Cant | G8: subtotal
B9: Descripción | C9: Long | D9: Alt | E9: Ancho
B10: Vía Panamericana | C10: 130 | F10: 1 | G10: =C10*F10 -> 130
G11: =C11*F11 -> 0
G12: =C12*F12 -> 0
G13: =C13*F13 -> 0
G14: =C14*F14 -> 0
G15: =C15*F15 -> 0
G16: =C16*F16 -> 0
B17: Total | G17: =SUM(G10:G16) -> 130
D21: ___________________________________________________________________
D22: Juan Diego Gutiérrez Barrera
D23: C.C 1.093.294.057
D24: Representante Legal Consorcio Fase IV L1

Sheet NP.05
B2: OBJETO DEL CONTRATO | C2: DIAGNOSTICO, CONSTRUCCION Y/O REHABILITACION Y/O MEJORAMIENTO DE LA MALLA VIAL URBANA DEL MUNICIPIO DE SAN JOSE DE CUCUTA FASE IV.
B3: INTERVENTOR | C3: SOCIEDAD CONSORCIO PROESCO S.A.S | E3: CONTRATO No. | F3: 3888 de 2023
B4: CONTRATISTA | C4: CONSORCIO FASE IV L1 | E4: CONTRATO No. | F4: 4230 De 2023
B5: MEMORIA DE CANTIDADES
B6: DESCRIPCION | D6: Suministro e instalación de tuberia novafort 12"
B7: ITEM | C7: NP.05 | E7: UNIDAD | F7: ml
B8: Dimensiones | F8: Cant | G8: subtotal
B9: Descripción | C9: Long | D9: Alt | E9: Ancho
B10: Sumidero vía Panamericana | C10: 10 | F10: 1 | G10: =C10*F10 -> 10
G11: =C11*F11 -> 0
G12: =C12*F12 -> 0
G13: =C13*F13 -> 0
G14: =C14*F14 -> 0
G15: =C15*F15 -> 0
G16: =C16*F16 -> 0
B17: Total | G17: =SUM(G10:G16) -> 10
C21: ___________________________________________________________________
C22: Juan Diego Gutiérrez Barrera
C23: C.C 1.093.294.057
C24: Representante Legal Consorcio Fase IV L1

Sheet NP. 06
B2: OBJETO DEL CONTRATO | C2: DIAGNOSTICO, CONSTRUCCION Y/O REHABILITACION Y/O MEJORAMIENTO DE LA MALLA VIAL URBANA DEL MUNICIPIO DE SAN JOSE DE CUCUTA FASE IV.
B3: INTERVENTOR | C3: SOCIEDAD CONSORCIO PROESCO S.A.S | E3: CONTRATO No. | F3: 3888 de 2023
B4: CONTRATISTA | C4: CONSORCIO FASE IV L1 | E4: CONTRATO No. | F4: 4230 De 2023
B5: MEMORIA DE CANTIDADES
B6: DESCRIPCION | D6: Subrasante estabilizada
B7: ITEM | C7: NP.06 | E7: UNIDAD | F7: m3
B8: Dimensiones | F8: Cant | G8: subtotal
B9: Descripción | C9: Long | D9: Alt | E9: Ancho
B10: Av Panamericana abscisa 0 a 80 | C10: 80 | D10: 0.45 | E10: 8.55 | F10: 1 | G10: =C10*D10*E10*F10 -> 307.8
B11: Av Panamericana abscisa 80 a 100 | C11: 20 | D11: 0.15 | E11: 8.55 | F11: 1 | G11: =C11*D11*E11*F11 -> 25.65
B12: Av Panamericana abscisa 100 a 130 | C12: 30 | D12: 0.15 | E12: 8.55 | F12: 1 | G12: =C12*D12*E12*F12 -> 38.475
G13: =C13*D13*E13*F13 -> 0
G14: =C14*D14*E14*F14 -> 0
G15: =C15*D15*E15*F15 -> 0
G16: =C16*D16*E16*F16 -> 0
B17: Total | G17: =SUM(G10:G16) -> 371.925
C22: ___________________________________________________________________
C23: Juan Diego Gutiérrez Barrera
C24: C.C 1.093.294.057
C25: Representante Legal Consorcio Fase IV L1

Sheet NP. 07
B2: OBJETO DEL CONTRATO | C2: DIAGNOSTICO, CONSTRUCCION Y/O REHABILITACION Y/O MEJORAMIENTO DE LA MALLA VIAL URBANA DEL MUNICIPIO DE SAN JOSE DE CUCUTA FASE IV.
B3: INTERVENTOR | C3: SOCIEDAD CONSORCIO PROESCO S.A.S | E3: CONTRATO No. | F3: 3888 de 2023
B4: CONTRATISTA | C4: CONSORCIO FASE IV L1 | E4: CONTRATO No. | F4: 4230 De 2023
B5: MEMORIA DE CANTIDADES
B6: DESCRIPCION | D6: Geotextil T3000
B7: ITEM | C7: NP. 07 | E7: UNIDAD | F7: m2
B8: Dimensiones | F8: Cant | G8: subtotal
B9: Descripcioón | C9: Long | D9: Alt | E9: Ancho
B10: Av Panamericana | C10: 130 | E10: 8.55 | F10: 1 | G10: =C10*E10*F10 -> 1111.5
G11: =C11*D11*E11*F11 -> 0
G12: =C12*D12*E12*F12 -> 0
G13: =C13*D13*E13*F13 -> 0
G14: =C14*D14*E14*F14 -> 0
G15: =C15*D15*E15*F15 -> 0
G16: =C16*D16*E16*F16 -> 0
B17: Total | G17: =SUM(G10:G16) -> 1111.5
C21: ___________________________________________________________________
C22: Juan Diego Gutiérrez Barrera
C23: C.C 1.093.294.057
C24: Representante Legal Consorcio Fase IV L1
